 Dungeon Crawl Stone Soup version 0.28-a0-503-g83f2989fac (webtiles) character file.

Game seed: 8814228469981383219

12170 weff the Fighter (level 11, 0/104 HPs)
             Began as a Minotaur Berserker on Sept 20, 2021.
             Was an Elder of Trog.
             Killed from afar by a gargoyle (10 damage)
             ... with a stone arrow
             ... on level 11 of the Dungeon.
             The game lasted 00:24:07 (13210 turns).

weff the Fighter (Minotaur Berserker)              Turns: 13210, Time: 00:24:08

Health: 0/104      AC:  8    Str: 31    XL:     11   Next: 58%
Magic:  10/10      EV: 15    Int:  4    God:    Trog [****..]
Gold:   604        SH:  0    Dex: 10    Spells: 10/10 levels left

rFire   . . .      SeeInvis .   u - +2 halberd (flame)
rCold   . . .      Faith    .   (shield currently unavailable)
rNeg    . . .      Spirit   .   v - +1 steam dragon scales
rPois   .          Reflect  .   (helmet restricted)
rElec   .          Harm     .   (no cloak)
rCorr   .          Rampage  .   (no gloves)
Will    ++...                   (no boots)
Stlth   +.........              h - amulet of the acrobat
HPRegen 1.27/turn               n - +6 ring of strength
MPRegen 0.12/turn               (no ring)

@: lethally poisoned (0 -> -1), strong-willed (expiring), on berserk cooldown,
regenerating (expiring), slowed, very slow
A: horns 2, retaliatory headbutt
a: Renounce Religion, Berserk, Trog's Hand, Brothers in Arms


You were on level 11 of the Dungeon.
You worshipped Trog.
Trog was greatly pleased with you.
You visited 1 branch of the dungeon, and saw 11 of its levels.

You collected 604 gold pieces.

Inventory:

Hand Weapons
 a - a +0 falchion
 j - a +2 whip of venom
 o - a +4 vorpal short sword
 u - a +2 halberd of flaming (weapon)
Armour
 g - a +1 chain mail of fire resistance
 i - a +0 ring mail
 v - +1 steam dragon scales (worn)
Jewellery
 b - an amulet of guardian spirit
 h - an amulet of the acrobat (around neck)
 n - a +6 ring of strength (left hand)
 C - a ring of ice
Wands
 t - a wand of iceblast (8)
 y - a wand of polymorph (9)
 A - a wand of flame (10)
 E - a wand of paralysis (1)
Scrolls
 c - 2 scrolls of immolation
 k - a scroll of amnesia
 l - a scroll of teleportation
 m - a scroll of vulnerability
 q - 2 scrolls of fear
 D - 2 scrolls of magic mapping
Potions
 d - a potion of invisibility
 e - 2 potions of heal wounds
 f - a potion of brilliance
 p - a potion of lignification
 r - 3 potions of curing
 s - 2 potions of magic
 w - 2 potions of ambrosia {unknown}
 x - 11 potions of degeneration
 z - 2 potions of attraction
 B - a potion of mutation {unknown}


   Skills:
 * Level 11.9 Fighting
 - Level 3.5(4.4) Short Blades
 - Level 4.1(4.9) Long Blades
 - Level 2.8 Maces & Flails
 * Level 8.0 Polearms
 * Level 11.6 Armour
 * Level 10.7 Dodging


You had 10 spell levels left.
You didn't know any spells.
Your spell library contained the following spells:

 Spells                   Type           Power      Damage    Failure   Level
 Ignite Poison            Fire/Tmut/Pois 0%         N/A       86%         3
 Mephitic Cloud           Conj/Pois/Air  0%         N/A       86%         3
 Freezing Cloud           Conj/Ice/Air   0%         6-21      100%        5


Dungeon Overview and Level Annotations

Branches:
Dungeon (11/15)            Temple (0/1) D:5            Lair (0/6) D:9
    Orc (0/2) D:9

Altars:
Cheibriados
Dithmenos
Elyvilon
Fedhas
Gozag
Okawaru
Sif Muna
Uskayaw
Vehumet
Zin

Shops:
D:6 [


Innate Abilities, Weirdness & Mutations

You have a pair of horns on your head.
You reflexively headbutt those who attack you in melee.


Message History

The hornet misses you.
You feel very sick. The hornet stings you!
You suddenly lose the ability to move!
You can move again.
You slash the hornet! You burn the hornet. Your headbutt misses the hornet.
The hornet is severely wounded.
You feel very sick. The hornet completely misses you. The hornet stings you.
You feel as though you will be slow longer.
The hornet stings you but does no damage.
You barely miss the hornet. Your headbutt misses the hornet.
The hornet is severely wounded.
You feel very sick. The hornet stings you!
You are more poisoned.
You feel as though you will be slow longer.
The hornet stings you.
You feel as though you will be slow longer.
You slash the hornet! You burn the hornet.
You kill the hornet!
Trog accepts your kill.
You feel the effects of Trog's Hand fading.
You feel extremely sick.
The gargoyle hits you with a +2 mace of protection!!
* * * LOW HITPOINT WARNING * * *
You hit the gargoyle but do no damage.
You feel very sick. The gargoyle misses you. You furiously retaliate!
You headbutt the gargoyle! You barely miss the gargoyle.
Your headbutt misses the gargoyle.
The gargoyle is heavily damaged.
You feel very sick.
The gargoyle hits you but does no damage.
The gargoyle misses you.
Unknown command.
You hit the gargoyle. You burn the gargoyle.
The gargoyle is severely damaged.
You feel sick.
The gargoyle hurls a stone arrow at you.
The stone arrow hits you!
You die...

... .. ..# [.
#. #.## #..#
#@# #9# #.#
#†#
.....###.#
.......<.#
..........#
...........#
...........#
.............


You could see a gargoyle.

Vanquished Creatures
  A two-headed ogre (D:9)
  The ghost of p0werm0de the Fighter, a novice DjCK of Xom (D:8)
  A cyclops (D:6)
  Maggie (D:6)
  A gargoyle (D:8)
  2 trolls
  A hornet (D:11)
  Prince Ribbit (D:7)
  A shadow (D:9)
  Sigmund (D:5)
  14 yaks
  A wraith (D:11)
  Eustachio (D:5)
  2 wyverns
  3 vampire mosquitoes (D:11)
  5 water moccasins
  An acid dragon (D:9)
  5 black bears
  A swamp drake (D:9)
  3 sky beasts
  4 orc warriors
  2 ice beasts
  2 ogres
  7 necrophages
  A phantom (D:5)
  6 centaurs
  A gnoll sergeant (D:10)
  6 bullfrogs
  5 scorpions
  A water moccasin zombie (D:6)
  3 water moccasin skeletons
  7 howler monkeys
  An electric eel (D:8)
  2 centaur zombies
  An orc priest (D:10)
  2 bullfrog skeletons (D:5)
  2 hounds
  A jelly (D:5)
  A gnoll shaman (D:4)
  2 iguanas
  6 orc wizards
  A hound zombie (D:3)
  A hound skeleton (D:3)
  2 howler monkey zombies
  11 gnolls
  2 adders
  A howler monkey skeleton (D:7)
  A white imp (D:6)
  2 ufetubi
  2 adder zombies (D:3)
  2 adder skeletons
  4 worms (D:2)
  4 dart slugs
  24 orcs
  4 endoplasms
  4 giant cockroaches
  3 goblins
  10 hobgoblins
  13 jackals
  8 kobolds
  3 quokkas
  5 ball pythons
  9 bats
  A frilled lizard (D:2)
  2 quokka skeletons (D:3)
  10 rats
  A bush (D:8)
240 creatures vanquished.

Vanquished Creatures (collateral kills)
  A two-headed ogre (D:10)
1 creature vanquished.

Vanquished Creatures (others)
  2 orc wizards
  28 fungi (D:9)
  48 plants
78 creatures vanquished.

Grand Total: 319 creatures vanquished

Notes
Turn   | Place    | Note
-------+----------+-------------------------------------------
     0 | D:1      | weff the Minotaur Berserker began the quest for the Orb.
     0 | D:1      | Reached XP level 1. HP: 19/19 MP: 0/0
   196 | D:1      | Reached XP level 2. HP: 19/27 MP: 1/1
   559 | D:1      | You fall into a shaft and drop 1 floor!
  1095 | D:2      | Reached XP level 3. HP: 30/33 MP: 2/2
  1325 | D:2      | Reached ** piety under Trog
  2589 | D:3      | Reached XP level 4. HP: 40/41 MP: 3/3
  2860 | D:3      | Found a faded altar of an unknown god.
  3273 | D:4      | Reached skill level 1 in Maces & Flails
  3273 | D:4      | Reached XP level 5. HP: 41/47 MP: 4/4
  3281 | D:4      | Reached *** piety under Trog
  3352 | D:4      | Reached skill level 5 in Fighting
  3458 | D:4      | Reached XP level 6. HP: 36/56 MP: 5/5
  3660 | D:4      | Found a white marble altar of Elyvilon.
  3796 | D:4      | Found a glowing silver altar of Zin.
  4157 | D:5      | Entered Level 5 of the Dungeon
  4192 | D:5      | Reached skill level 1 in Short Blades
  4192 | D:5      | Reached skill level 5 in Armour
  4192 | D:5      | Reached XP level 7. HP: 50/62 MP: 6/6
  4427 | D:5      | Found an opulent altar of Gozag.
  4442 | D:5      | Noticed Eustachio
  4454 | D:5      | Killed Eustachio
  4455 | D:5      | Reached skill level 5 in Dodging
  4471 | D:5      | HP: 2/64 [something (5)]
  4848 | D:5      | Found a staircase to the Ecumenical Temple.
  4882 | D:5      | Reached XP level 8. HP: 71/71 MP: 7/7
  4909 | D:5      | Noticed Sigmund
  4924 | D:5      | Killed Sigmund
  5151 | D:5      | Found a shadowy altar of Dithmenos.
  5240 | D:5      | Found an iron altar of Okawaru.
  5687 | D:6      | Noticed a cyclops
  5696 | D:6      | Killed a cyclops
  6040 | D:6      | Reached XP level 9. HP: 76/82 MP: 8/8
  6168 | D:6      | Found Zuapioruw's Armour Shoppe.
  6550 | D:6      | Noticed Maggie
  6566 | D:6      | Killed Maggie
  6942 | D:6      | Noticed a troll
  6948 | D:6      | Killed a troll
  6949 | D:6      | Reached skill level 1 in Polearms
  7258 | D:7      | Noticed Prince Ribbit
  7268 | D:7      | Killed Prince Ribbit
  7543 | D:7      | Found a snail-covered altar of Cheibriados.
  7543 | D:7      | Found a hide-covered altar of Uskayaw.
  7979 | D:8      | Reached XP level 10. HP: 93/93 MP: 9/9
  8076 | D:8      | Reached **** piety under Trog
  8086 | D:8      | Found a radiant altar of Vehumet.
  8389 | D:8      | Paralysed by a centaur for 2 turns
  8393 | D:8      | Found a shimmering blue altar of Sif Muna.
  8396 | D:8      | Reached skill level 10 in Fighting
  8793 | D:8      | Found a blossoming altar of Fedhas.
  9335 | D:8      | Found an opulent altar of Gozag.
  9336 | D:8      | Found a runed translucent gate.
  9336 | D:8      | Found a runed translucent gate.
  9336 | D:8      | Found a runed translucent gate.
  9339 | D:8      | Noticed a gargoyle
  9340 | D:8      | Noticed p0werm0de's ghost (novice DjCK)
  9441 | D:8      | Killed a gargoyle
  9447 | D:8      | Reached skill level 10 in Armour
  9452 | D:8      | Killed p0werm0de's ghost
  9452 | D:8      | HP: 6/141 [centaur/arrow (11)]
  9453 | D:8      | Reached skill level 5 in Polearms
 10251 | D:9      | Reached skill level 10 in Dodging
 10251 | D:9      | Reached XP level 11. HP: 79/102 MP: 10/10
 10279 | D:9      | Noticed a two-headed ogre
 10293 | D:9      | Killed a two-headed ogre
 10508 | D:9      | Found a staircase to the Lair.
 10949 | D:9      | Found a staircase to the Orcish Mines.
 12010 | D:10     | Entered Level 10 of the Dungeon
 12951 | D:10     | Noticed a two-headed ogre
 12953 | D:10     | Killed a two-headed ogre
 13204 | D:11     | Paralysed by a hornet for 1 turns
 13210 | D:11     | Killed from afar by a gargoyle

Illustrated notes

Levels and vault maps discovered:
D:1:      dpeg_arrival_ratfight, layout_loops_corners, grunt_decor_cap
D:2:      layout_basic
D:3:      layout_loops_ring, serial_undead, serial_undead_a, serial_undead_e,
          serial_undead_a, serial_undead_d, serial_undead_e, serial_undead_a,
          serial_undead_c, serial_undead_f, ebering_ecumenical_altar_box
D:4:      layout_basic, kennysheep_mini_moat, overflow_temple_1_default
D:5:      layout_basic, okawaru_altar_gauntlet_db, grunt_gozag_statues,
          old_standard_altar, minmay_temple_entry_arrows,
          chequers_serial_rivers_large_b, uniq_sigmund, uniq_eustachio
D:6:      layout_basic, serial_shops, kennysheep_little_box, uniq_maggie
D:7:      layout_rooms, amethyst_overflow_temple_binary, uniq_prince_ribbit1
D:8:      layout_basic, mainiacjoe_overflow_brackets, vehumet_altar_wand_db,
          fedhas_altar_decomposition, enter_ossuary_1, ebering_ghost_gozag,
          kennysheep_generic_room_16
D:9:      layout_basic, due_lair_maze_entry_diamond, erik_orc_1,
          chequers_serial_rivers_micro_d
D:10:     layout_basic
D:11:     layout_rooms, serial_shops, nicolae_shop_statue_plus, minivault_1

Skill      XL: |  1  2  3  4  5  6  7  8  9 10 11 |
---------------+----------------------------------+-----
Fighting       | 4 5 6 8 9 11 | 11.9
Armour         | 3 4 5 6 7 9 10 11 | 11.6
Long Blades    | 4 |  4.1
Dodging        | 3 4 5 7 8 10 | 10.7
Maces & Flails | 1 2 |  2.8
Short Blades   | 1 3 |  3.5
Polearms       | 3 6 8 |  8.0

Action                   |  1- 3 |  4- 6 |  7- 9 | 10-12 || total
-------------------------+-------+-------+-------+-------++-------
Melee: Falchion          |    84 |    12 |       |       ||    96
       Headbutt          |    17 |    18 |    40 |    69 ||   144
       Whip              |       |    62 |       |       ||    62
       Short sword       |       |    16 |   113 |       ||   129
       Halberd           |       |       |    53 |   286 ||   339
Invok: Berserk           |       |       |     7 |     5 ||    12
       Trog's Hand       |       |       |     2 |     3 ||     5
       Brothers in Arms  |       |       |       |     1 ||     1
  Use: Potion            |       |       |     2 |     1 ||     3
       Scroll            |       |       |    11 |     4 ||    15
 Stab: Distracted        |       |       |       |     1 ||     1
Armor: Animal skin       |    15 |       |       |       ||    15
       Ring mail         |     1 |    14 |    29 |       ||    44
       Skin              |       |       |    14 |       ||    14
       Steam dragon scal |       |       |    11 |    77 ||    88
Dodge: Dodged            |    62 |    66 |   118 |   234 ||   480

Table legend: (Time is in decaauts)
 A = Elapsed time spent in this place.
 B = Non-inter-level travel time spent in this place.
 C = Inter-level travel time spent in this place.
 D = Time resting spent in this place.
 E = Time spent auto-exploring this place.
 F = Levels seen in this place.
 G = Mean time per level.
                   A        B        C        D        E       F      G
               +--------+--------+--------+--------+--------+-----+--------+
         Total |  13396 |  12912 |    484 |   2305 |   8892 |  11 | 1217.8 |
       Dungeon |  13396 |  12912 |    484 |   2305 |   8892 |  11 | 1217.8 |
               +--------+--------+--------+--------+--------+-----+--------+

Top non-repeatable levels by time:
     D:9: 2081 daAuts
     D:8: 2041 daAuts
     D:6: 1612 daAuts
     D:5: 1557 daAuts
     D:1: 1348 daAuts
     D:2: 1246 daAuts
    D:10: 1182 daAuts
     D:4: 997 daAuts
     D:7: 725 daAuts
     D:3: 575 daAuts
    D:11: 29 daAuts
